Map: Orbital Depot

Players

Antecedent

  • Race: Zerg Zerg
  • Spawn Location: 3:00

PoundyBoy

  • Race: Zerg Zerg
  • Spawn Location: 1:00

TWIZxi

  • Race: Zerg Zerg
  • League: Silver
  • Spawn Location: 3:00

dantwan

  • Race: Zerg Zerg
  • Spawn Location: 9:00

BoyOtog

  • Race: Terran Terran
  • Spawn Location: 9:00

Metasapien

  • Race: Zerg Zerg
  • Spawn Location: 7:00

VOD

Have the link to the VOD?

Description

Time

  • Played on: Aug. 20, 2017, 6:26 a.m.
  • Length: 18:17
Show
View Real Time Build Order
Export as new Build Order

Antecedent Zerg 

Build Orders: Pool First 

Get SALT Encoding   

  12  0:02  Drone  
  13  0:12  Drone  
  14  0:14  Extractor  
  14  0:17  Drone  
  14  0:34  Spawning Pool  
  13  0:41  Drone  
  14  0:47  Overlord  
  14  1:12  Drone  
  14  1:13  Drone x2  
  17  1:20  Metabolic Boost  
  17  1:27  Queen  
  19  1:59  Hatchery  
  19  2:00  Spine Crawler  
  17  2:15  Zergling x6  
  20  2:26  Lair  
  20  3:14  Zergling x2  
  20  3:15  Zergling x8  
  25  3:28  Drone x2  
  25  3:29  Overlord  
  27  4:05  Drone x3  
  27  4:06  Drone x3  
  33  4:15  Zergling x6  
  36  4:27  Overlord  
  36  4:44  Queen  
  30  5:10  Zergling x6  
  30  5:11  Zergling x12  
  33  5:45  Zergling x6  
  27  5:50  Queen  
  27  5:53  Spore Crawler  
  26  5:59  Hydralisk Den  
  24  6:30  Hydralisk x4  
  24  6:31  Hydralisk x2  
  36  6:33  Muscular Augments  
  36  6:36  Evolution Chamber  
  35  6:45  Hydralisk x3  
  35  6:46  Hydralisk  
  43  7:05  Drone  
  43  7:07  Overlord x2  
  40  8:04  Hydralisk x2  
  40  8:05  Hydralisk  
  30  8:18  Drone x3  
  31  8:36  Hatchery  
  31  8:39  Hatchery  
  31  8:40  Drone x3  
  32  9:05  Drone x3  
  35  9:20  Drone x3  
  38  9:25  Extractor  
  38  9:27  Extractor  
  36  9:36  Drone x3  
  39  9:51  Hydralisk  
  39  9:52  Hydralisk  
  43  10:02  Hydralisk x2  
  43  10:03  Hydralisk x3  
  26  11:10  Hydralisk x8, Zergling x2  
  33  11:38  Zergling x2  
  33  11:39  Zergling x18  
  38  12:32  Hydralisk x7  
  38  12:33  Hydralisk x2  
  36  12:59  Hydralisk x3  
  40  14:14  Hydralisk x4  
  40  14:49  Hydralisk  
  40  14:50  Hydralisk  
  29  15:50  Zergling x10  
  22  17:33  Hatchery  
  22  17:36  Hatchery  
Show
View Real Time Build Order
Export as new Build Order

PoundyBoy Zerg 

Build Orders: Pool First 

Get SALT Encoding   

  12  0:01  Drone  
  13  0:10  Drone  
  14  0:22  Overlord  
  14  0:25  Extractor  
  14  0:26  Drone  
  14  0:33  Spawning Pool  
  14  0:34  Drone  
  14  0:48  Drone x2  
  16  0:58  Drone  
  17  1:09  Hatchery  
  17  1:11  Drone  
  17  1:20  Queen  
  17  1:22  Drone  
  20  1:29  Overlord  
  20  1:34  Extractor  
  20  1:37  Drone  
  20  1:49  Drone  
  21  1:57  Roach Warren  
  21  1:59  Drone  
  21  2:10  Drone  
  21  2:13  Lair  
  22  2:21  Queen  
  25  2:22  Drone  
  25  2:24  Zergling x2  
  26  2:36  Drone  
  27  2:47  Roach  
  27  2:48  Roach x3  
  35  2:55  Overlord  
  35  3:03  Hatchery  
  34  3:24  Roach x2  
  34  3:25  Roach x3  
  44  3:28  Overlord x2  
  44  3:35  Evolution Chamber  
  44  3:40  Evolution Chamber  
  42  3:44  Roach  
  44  4:20  Zerg Melee Weapons Level 1  
  44  4:21  Zerg Ground Armor Level 1  
  44  4:25  Drone  
  44  4:27  Drone  
  46  5:04  Roach x10  
  66  5:08  Overlord x2  
  66  5:10  Overlord  
  66  5:20  Glial Reconstitution  
  66  5:52  Queen x2  
  70  6:01  Roach  
  70  6:02  Roach x4  
  80  6:23  Zerg Melee Weapons Level 2  
  80  6:25  Zerg Missile Weapons Level 1  
  80  6:38  Tunneling Claws  
  80  6:43  Overlord  
  80  6:44  Overlord x2  
  80  6:52  Overlord  
  80  7:07  Drone x2  
  54  8:09  Drone x3  
  55  8:22  Extractor  
  55  8:24  Extractor  
  45  8:48  Drone  
  45  8:49  Drone x2  
  37  8:55  Drone x2  
  37  8:56  Drone  
  39  9:07  Hydralisk Den  
  38  9:12  Hatchery  
  37  9:22  Drone x2  
  39  9:25  Spine Crawler  
  39  9:28  Spore Crawler  
  39  9:30  Spore Crawler  
  36  9:33  Spore Crawler  
  36  9:34  Drone  
  36  9:44  Infestation Pit  
  36  9:45  Nydus Network  
  34  9:50  Spire  
  33  9:55  Hydralisk  
  33  9:56  Hydralisk x4  
  42  10:17  Spire  
  42  10:27  Pathogen Glands  
  42  10:38  Hydralisk  
  42  10:39  Hydralisk x2  
  42  10:40  Hydralisk x3  
  52  10:54  Zergling x2  
  52  10:55  Zergling x4  
  57  11:49  Drone x3  
  60  12:01  Drone  
  60  12:02  Drone x2  
  60  12:03  Extractor  
  62  12:16  Drone x2  
  64  12:23  Drone  
  64  12:24  Extractor  
  52  12:46  Corruptor x4  
  52  12:47  Hydralisk  
  52  12:48  Hydralisk x8  
  63  13:17  Burrow  
  63  13:19  Muscular Augments  
  60  13:20  Hydralisk x2  
  60  13:25  Drone  
  63  13:44  Zerg Flyer Weapons Level 1  
  63  14:14  Drone x3  
  66  14:20  Overseer  
  66  14:27  Drone x3  
  69  14:58  Hive, Lurker Den  
  67  15:13  Drone  
  67  15:14  Drone x2  
  66  15:38  Mutalisk x6  
  66  15:39  Mutalisk  
  66  15:41  Overlord x4  
  74  15:52  Drone x2  
  74  15:58  Zerg Ground Armor Level 2  
  74  15:59  Zerg Missile Weapons Level 2  
  62  17:03  Swarm Host x3  
Show
View Real Time Build Order
Export as new Build Order

TWIZxi Zerg 

Build Orders: Pool First 

Get SALT Encoding   

  12  0:01  Drone  
  13  0:11  Drone  
  14  0:18  Extractor, Drone  
  14  0:24  Overlord  
  14  0:44  Drone x3  
  17  0:53  Spawning Pool  
  16  0:57  Drone  
  17  1:07  Drone  
  18  1:18  Drone  
  19  1:27  Extractor, Drone  
  19  1:49  Drone x2  
  19  1:51  Hatchery  
  19  1:53  Metabolic Boost  
  20  2:10  Queen, Spine Crawler  
  21  2:24  Drone  
  21  2:25  Overlord  
  21  2:28  Overlord  
  22  2:46  Drone  
  22  2:48  Zergling x2  
  24  2:57  Drone  
  25  3:05  Drone  
  26  3:27  Zergling x2  
  26  3:28  Zergling x12  
  33  3:37  Evolution Chamber, Lair  
  32  3:42  Drone  
  32  3:44  Queen  
  35  4:53  Hatchery  
  35  4:55  Drone  
  35  4:56  Drone x5  
  35  4:58  Drone  
  35  4:59  Drone x2  
  43  5:25  Roach Warren  
  35  5:55  Spore Crawler  
  35  5:56  Spore Crawler  
  32  5:59  Spore Crawler  
  31  6:20  Hydralisk Den  
  30  6:28  Zerg Missile Weapons Level 1  
  30  6:48  Zergling x14  
  30  6:49  Zergling x20  
  47  6:56  Queen  
  49  7:32  Burrow  
  49  7:40  Drone  
  49  7:43  Overlord x4  
  49  7:44  Overlord x2  
  50  8:15  Hydralisk  
  50  8:16  Hydralisk x10  
  50  8:17  Hydralisk x7  
  86  8:22  Zerg Ground Armor Level 1  
  85  8:36  Extractor  
  85  8:38  Extractor  
  67  9:12  Drone  
  67  9:13  Drone x5  
  73  9:22  Drone  
  73  9:23  Drone x6  
  73  9:24  Drone x2  
  81  10:44  Zergling x2  
  81  10:45  Zergling x24  
  81  10:46  Zergling x8  
  81  10:47  Overlord  
  81  10:48  Overlord x4  
  60  11:46  Infestation Pit  
  44  12:37  Hydralisk  
  44  12:38  Hydralisk x10  
  44  12:39  Hydralisk x11  
  88  12:51  Hive  
  88  13:13  Zerg Missile Weapons Level 2  
  78  13:40  Hydralisk x5  
  78  13:41  Hydralisk x9  
  44  15:40  Hydralisk x4  
  44  15:41  Hydralisk x11  
  74  16:05  Overseer x2  
  74  16:12  Hatchery  
  73  16:48  Hydralisk  
  73  16:49  Hydralisk x10  
  73  16:50  Hydralisk x7  
Show
View Real Time Build Order
Export as new Build Order

dantwan Zerg 

Build Orders: Pool First 

Get SALT Encoding   

  12  0:22  Spawning Pool  
  12  0:23  Drone  
  12  0:28  Drone  
  12  0:32  Drone  
  14  0:42  Overlord  
  14  1:10  Zergling x6  
  17  1:14  Queen  
  19  1:22  Drone  
  20  1:33  Drone  
  21  1:45  Drone  
  22  2:10  Overlord  
  22  2:29  Evolution Chamber  
  21  2:34  Evolution Chamber  
  20  2:45  Hatchery x2  
  15  2:59  Queen, Drone  
  15  3:00  Drone x5  
  23  3:06  Extractor  
  23  3:08  Extractor  
  23  3:09  Drone  
  23  3:10  Drone  
  23  3:14  Drone  
  24  3:23  Drone  
  25  3:37  Drone x4  
  25  3:38  Drone  
  30  3:55  Spine Crawler  
  29  3:58  Spine Crawler  
  29  4:02  Spine Crawler  
  27  4:05  Drone  
  28  4:21  Drone x2  
  30  4:31  Hatchery  
  30  4:34  Drone  
  30  4:37  Drone  
  31  4:40  Drone  
  31  4:44  Drone  
  31  4:54  Drone x3  
  34  5:10  Spine Crawler  
  34  5:12  Spine Crawler  
  32  5:15  Spine Crawler  
  32  5:18  Drone x2  
  33  5:30  Drone x3  
  33  5:31  Drone  
  37  5:36  Queen  
  39  5:43  Drone  
  39  5:48  Extractor  
  39  5:49  Drone x3  
  42  5:51  Extractor  
  42  5:53  Drone  
  42  5:58  Queen  
  42  6:01  Drone x3  
  47  6:08  Drone  
  48  6:23  Overlord x2  
  48  6:36  Lair  
  48  6:47  Spine Crawler  
  48  6:48  Overlord, Drone x4  
  48  6:49  Drone  
  52  6:56  Drone  
  52  6:57  Spine Crawler, Drone x3  
  55  7:03  Drone x2  
  55  7:08  Drone x4  
  61  7:18  Queen  
  63  7:25  Hatchery  
  63  7:27  Drone x2  
  63  7:28  Hatchery  
  52  7:58  Drone x7  
  51  7:59  Drone x5  
  45  8:17  Zerg Missile Weapons Level 1  
  44  8:21  Zerg Ground Armor Level 1  
  44  8:31  Spine Crawler  
  43  8:35  Spine Crawler  
  43  8:40  Spine Crawler  
  43  8:41  Drone x6  
  46  8:42  Spine Crawler  
  46  8:48  Spine Crawler  
  45  8:51  Spine Crawler  
  44  8:55  Spine Crawler  
  44  8:59  Spire  
  42  9:07  Spire  
  42  9:09  Drone x3  
  45  9:10  Drone x5  
  45  9:16  Extractor  
  48  9:19  Extractor  
  48  9:23  Overlord x6  
  47  9:28  Burrow, Pneumatized Carapace  
  47  9:40  Infestation Pit  
  46  9:47  Spine Crawler x2, Drone x3  
  47  10:04  Hatchery  
  46  10:10  Hatchery  
  46  10:11  Hatchery  
  44  10:39  Mutalisk x7  
  58  10:43  Zerg Flyer Weapons Level 1  
  58  10:47  Hatchery  
  58  10:48  Zerg Flyer Armor Level 1  
  57  10:53  Drone x3  
  57  10:56  Drone x2  
  62  11:04  Drone x3  
  65  11:20  Drone  
  66  11:29  Queen  
  66  11:30  Drone  
  69  11:41  Drone  
  70  11:48  Mutalisk x6  
  70  11:49  Mutalisk x4  
  90  11:59  Hive  
  90  12:00  Zerg Missile Weapons Level 2  
  90  12:08  Drone x2  
  90  12:09  Drone  
  93  12:18  Extractor  
  93  12:21  Extractor  
  91  12:34  Drone x3  
  94  12:37  Drone x2  
  78  12:56  Drone x3  
  77  13:01  Extractor  
  77  13:04  Extractor  
  73  13:15  Zerg Flyer Weapons Level 2  
  73  13:17  Zerg Flyer Armor Level 2  
  73  13:22  Hydralisk Den  
  73  13:25  Queen  
  74  13:34  Hatchery  
  74  13:35  Hatchery  
  74  13:37  Queen  
  74  13:39  Hatchery  
  74  13:41  Zerg Ground Armor Level 2  
  63  13:58  Drone x3  
  63  14:01  Drone x3  
  69  14:07  Mutalisk x6  
  69  14:08  Mutalisk x6  
  93  14:20  Drone x3  
  96  14:24  Drone x2  
  96  14:29  Extractor  
  97  14:31  Drone x3  
  97  14:32  Extractor  
  99  14:42  Zerg Missile Weapons Level 3  
  87  14:56  Mutalisk x3  
  87  14:57  Mutalisk x8  
  87  14:58  Mutalisk  
  111  15:06  Drone  
  114  15:07  Drone x2  
  114  15:10  Drone x3  
  118  15:14  Drone x3  
  118  15:19  Mutalisk x3  
  96  15:38  Mutalisk x4  
  96  15:39  Mutalisk x2  
  102  15:49  Drone x3  
  105  16:16  Mutalisk x8  
  115  16:52  Mutalisk x7  
  115  16:53  Mutalisk  
  131  17:14  Mutalisk x4  
Show
View Real Time Build Order
Export as new Build Order

BoyOtog Terran 

Build Orders: Mech 

Get SALT Encoding   

  12  0:13  Supply Depot  
  12  0:30  SCV  
  13  0:42  SCV, Barracks  
  14  0:46  Refinery  
  14  0:58  SCV  
  15  1:10  SCV  
  16  1:17  Supply Depot  
  16  1:23  SCV  
  17  1:29  Barracks Tech Lab, Refinery  
  17  1:32  Supply Depot  
  18  1:52  Orbital Command  
  17  1:57  Marine  
  18  2:05  Factory  
  18  2:11  Supply Depot  
  18  2:27  Factory  
  18  2:41  SCV  
  19  2:49  Hellion  
  21  2:53  SCV  
  21  2:55  Marine  
  23  3:03  Bunker  
  23  3:10  SCV  
  23  3:12  Hellion  
  26  3:15  Factory  
  26  3:22  SCV  
  27  3:38  Marine  
  28  4:00  Hellion x2  
  32  4:14  Hellion  
  34  4:17  Marine  
  34  4:21  Hellion  
  37  4:24  Supply Depot  
  37  4:46  Cyclone x3  
  46  5:07  SCV  
  29  6:05  Marauder  
  31  6:23  Factory Tech Lab  
  31  6:24  Command Center  
  28  6:28  Factory Tech Lab  
  28  6:30  Factory Tech Lab  
  28  6:37  Armory  
  28  6:44  Factory  
  26  7:00  Siege Tank x2  
  35  7:01  Siege Tank  
  35  7:22  Supply Depot  
  35  7:23  SCV  
  36  7:35  SCV  
  37  7:40  Thor x3  
  52  8:03  Factory Tech Lab  
  52  8:14  Marine  
  53  8:32  Marine  
  50  8:57  Thor  
  56  9:11  Orbital Command  
  56  9:23  Hellion x3  
  62  9:24  Terran Vehicle Weapons Level 1  
  62  9:44  Thor  
  68  9:47  Hellion  
  70  9:55  Supply Depot  
  70  9:58  Hellion x2  
  74  10:05  SCV  
  75  10:12  Refinery  
  75  10:14  Refinery  
  75  10:18  SCV  
  76  10:26  Siege Tank x2  
  76  10:27  Siege Tank  
  54  11:06  Thor  
  42  11:39  Thor  
  45  11:40  Hellion  
  45  11:41  Hellion  
  49  11:49  SCV  
  50  12:01  SCV  
  51  12:14  SCV  
  52  12:19  Hellion x3  
  54  12:37  Siege Tank  
  57  13:03  Hellion x3  
  63  13:10  Hellion  
  39  13:54  Siege Tank x2  
  39  13:55  Siege Tank x2  
  28  14:26  Siege Tank, Widow Mine x2  
  28  14:27  Hellion  
  37  14:47  Widow Mine  
  39  14:55  Widow Mine x2  
  39  14:58  Widow Mine  
  15  15:51  Siege Tank  
  15  15:52  Siege Tank  
Show
View Real Time Build Order
Export as new Build Order

Metasapien Zerg 

Build Orders: Pool First 

Get SALT Encoding   

  12  0:01  Drone  
  13  0:14  Overlord  
  13  0:15  Drone  
  14  0:29  Spawning Pool  
  14  0:30  Drone  
  14  0:35  Extractor  
  13  0:37  Drone  
  13  0:39  Drone  
  15  1:02  Overlord  
  15  1:04  Drone  
  16  1:18  Queen  
  18  1:19  Extractor  
  18  1:20  Zergling x4  
  19  1:35  Spine Crawler  
  18  1:40  Zergling x2  
  18  1:41  Zergling x2  
  18  1:42  Metabolic Boost  
  20  1:52  Drone  
  21  2:06  Drone  
  22  2:15  Drone  
  23  2:27  Lair  
  23  2:42  Zergling x2, Drone  
  23  2:43  Zergling x4  
  28  2:58  Zergling x4  
  28  3:31  Spire  
  28  3:32  Drone x2  
  28  3:33  Drone  
  30  3:34  Overlord x2  
  30  3:43  Hatchery  
  29  4:20  Zergling x8  
  29  4:21  Zergling x2  
  33  4:49  Mutalisk  
  33  4:50  Mutalisk x2  
  39  4:59  Drone  
  40  5:09  Queen, Drone  
  43  5:15  Overseer  
  43  5:16  Pneumatized Carapace  
  43  5:19  Spore Crawler  
  32  5:55  Mutalisk x4  
  32  5:56  Mutalisk  
  39  6:05  Overlord  
  39  6:06  Overlord  
  39  6:09  Drone x2  
  41  6:15  Hatchery  
  40  6:28  Mutalisk  
  40  6:29  Corruptor  
  44  6:41  Mutalisk  
  46  7:02  Drone  
  46  7:03  Mutalisk, Drone  
  50  7:15  Drone x3  
  51  7:51  Mutalisk x2  
  51  7:53  Overlord  
  51  7:54  Overlord  
  43  8:15  Mutalisk x2  
  45  8:28  Zergling x4  
  45  8:29  Zergling x12  
  50  8:53  Extractor  
  47  9:06  Drone x3  
  50  9:10  Extractor  
  50  9:12  Mutalisk x2  
  50  9:15  Overlord  
  50  9:16  Overlord  
  53  9:31  Hatchery, Mutalisk  
  53  9:34  Zergling x8  
  53  9:35  Zergling x4  
  39  10:45  Zergling x18  
  48  11:00  Extractor  
  37  11:25  Mutalisk x4  
  39  11:32  Zergling x6  
  46  11:33  Zergling x10  
  52  11:40  Drone x4  
  52  11:42  Zergling x2  
  52  11:43  Zergling x6  
  52  11:46  Queen  
  59  11:47  Queen x2  
  63  11:54  Evolution Chamber  
  63  11:56  Evolution Chamber, Drone  
  63  11:58  Zergling x2  
  63  11:59  Zergling x10  
  26  12:24  Zergling x2  
  26  12:25  Zergling x20  
  34  12:33  Drone  
  31  12:38  Queen  
  23  13:21  Zergling x2  
  23  13:22  Zergling x22  
  23  13:26  Zerg Melee Weapons Level 1  
  33  13:36  Drone  
  31  14:05  Drone x4  
  31  14:06  Drone  
  36  14:14  Drone  
  22  14:58  Overlord x3  
  22  15:40  Spawning Pool, Zerg Ground Armor Level 1  
  21  15:47  Drone x4  
  25  16:00  Hatchery  
  24  16:26  Drone x3  
  27  16:43  Overlord  
  27  16:46  Extractor  
  26  16:49  Extractor  
  26  17:15  Drone  
  26  17:31  Zergling x16  
  34  17:50  Zergling x2  
  34  17:51  Zergling x6  
Tags
 
Add a new tag
Caveats
  • Supply blocks, unpowered buildings, or Contaminate may cause inaccurate times.
  • Supply counts are checked every 10 seconds.